 Dungeon Crawl Stone Soup version 0.21-a0-185-g3a6ed1e (webtiles) character file.

13913 seren the Cleaver (level 12, -7/94 HPs)
             Began as a Formicid Fighter on Aug 12, 2017.
             Was a High Priest of Okawaru.
             Mangled by a seven-headed hydra (9 damage)
             ... on level 1 of the Lair of Beasts.
             The game lasted 00:49:41 (13537 turns).

seren the Cleaver (Formicid Fighter)               Turns: 13537, Time: 00:49:42

Health: -7/94      AC: 23    Str: 25    XL:     12   Next: 38%
Magic:  18/18      EV: 11    Int: 11    God:    Okawaru [*****.]
Gold:   594        SH: 14    Dex: 17    Spells: 8/11 levels left

rFire    . . .     SeeInvis +   A - +2 scimitar (flame)
rCold    . . .     Gourm    .   c - +0 shield
rNeg     . . .     Faith    .   F - +0 plate armour
rPois    .         Spirit   .   (helmet unavailable)
rElec    .         Reflect  .   g - +2 cloak of Iffic {Int+4 Stlth+}
rCorr    .         Harm     .   J - +2 pair of gloves
MR       ++...                  (no boots)
Stlth    ..........             M - amulet of magic regeneration
HPRegen  0.25/turn              O - ring of protection from magic
MPRegen  0.41/turn              s - +5 ring of dexterity

@: heroism
A: permanent stasis, dig shafts and tunnels, four strong arms, antennae 3
a: Dig, Shaft Self, Heroism, Finesse, Renounce Religion


You were on level 1 of the Lair of Beasts.
You worshipped Okawaru.
Okawaru was extremely pleased with you.
You were very hungry.

You visited 3 branches of the dungeon, and saw 15 of its levels.

You collected 594 gold pieces.

Inventory:

Hand Weapons
 a - a +0 war axe
 b - a +1 whip of freezing
 d - a +0 hand crossbow
 A - a +2 scimitar of flaming (weapon)
 H - a +0 broad axe
Missiles
 y - 14 tomahawks (quivered)
 E - 43 bolts
Armour
 c - a +0 shield (worn)
 g - the +2 cloak of Iffic (worn) {Int+4 Stlth+}
   (You found it on level 9 of the Dungeon)

   It affects your intelligence (+4).
   It makes you more stealthy.
 v - a +0 crystal plate armour
 F - a +0 plate armour (worn)
 J - a +2 pair of gloves (worn)
Jewellery
 i - an uncursed ring of protection from cold
 s - a +5 ring of dexterity (right hand)
 M - an amulet of magic regeneration (around neck)
 O - a ring of protection from magic (left hand)
Wands
 k - a wand of disintegration (9/24)
 l - a wand of confusion (31/48)
 C - a wand of confusion (20/48)
 D - a wand of paralysis (8/24)
Scrolls
 h - 2 scrolls of fog {unknown}
 q - 8 scrolls of remove curse
 r - a scroll of noise {unknown}
 u - a scroll of fear {unknown}
 w - a scroll of vulnerability {unknown}
 G - 2 scrolls of enchant weapon {unknown}
 I - a scroll of blinking {unknown}
 K - a scroll of recharging {unknown}
 N - a scroll of magic mapping {unknown}
 P - a scroll of identify
Potions
 e - 5 potions of curing
 j - a potion of mutation {!q}
 m - a potion of lignification {unknown}
 n - a potion of heal wounds {unknown}
 p - 2 potions of magic
 t - 2 potions of flight
 z - a potion of resistance {unknown}
 B - a potion of agility {unknown}
Books
 x - a book of Cantrips

   Spells                             Type                      Level
   a - Confusing Touch                Hexes                        1
   b - Animate Skeleton               Necromancy                   1
   c - Summon Small Mammal            Summoning                    1
   d - Apportation                    Translocation                1
Comestibles
 f - 5 bread rations
 o - a fruit
 L - 2 meat rations


   Skills:
 + Level 8.8(13.8) Fighting
 + Level 10.5(15.5) Axes
 + Level 9.4(14.4) Armour
 - Level 9.0(14.0) Shields
 - Level 8.0 Invocations
 + Level 8.0 Evocations


You had 8 spell levels left.
You knew the following spells:

 Your Spells              Type           Power        Failure   Level  Hunger
a - Passwall              Tmut/Erth      #.........   99%         2    ###....
p - Apportation           Tloc           #.....       95%         1    ##.....


Dungeon Overview and Level Annotations

Branches:
Dungeon (12/15)            Temple (1/1) D:5            Lair (2/6) D:9
  Swamp: Lair:2-4    Shoals: Lair:2-4     Snake: Lair:2-4    Spider: Lair:2-4
    Orc: D:9-12

Altars:
Ashenzari
Cheibriados
Dithmenos
Elyvilon
Fedhas
Gozag
Hepliaklqana
Kikubaaqudgha
Makhleb
Nemelex Xobeh
Okawaru
Qazlal
Ru
Sif Muna
Trog
Uskayaw
Vehumet
Xom
Yredelemnul
Zin
The Shining One
Jiyva

Shops:
D:9 }

Annotations:
D:2 Natasha, Sigmund
D:3 exclusion: oklob plant
D:9 1 transporter, exclusion: statue
D:12 Nessos


Innate Abilities, Weirdness & Mutations

You cannot be hasted, slowed, berserked, paralysed or teleported.
You can dig through walls and to a lower floor.
Your four strong arms can wield two-handed weapons with a shield.
You have a pair of large antennae on your head. (SInv)


Message History

The spiny frog poisons you!
You feel better.
You block the seven-headed hydra's attack.
The seven-headed hydra bites you.
* * * LOW HITPOINT WARNING * * *
The seven-headed hydra completely misses you.
The seven-headed hydra bites you but does no damage.
The seven-headed hydra closely misses you.
You block the seven-headed hydra's attack.
The seven-headed hydra bites you but does no damage.
The spiny frog barely misses you.
Are you sure you want to shaft yourself?
You are feeling very hungry.
The seven-headed hydra bites you.
* * * LOW HITPOINT WARNING * * *
You block the seven-headed hydra's attack. x2
The seven-headed hydra bites you but does no damage.
The seven-headed hydra completely misses you.
The seven-headed hydra bites you!
You die...

..............
............?............
.........................
.........................
.........................
.........................
.........................
.........................
....)..D@......>.........
........F................
........................#
........................#
........................#
........................#
........................#
.........................
.......................


You could see a seven-headed hydra and a spiny frog.

Vanquished Creatures
  4 two-headed ogres
  Erica (Lair:1)
  Pikel (D:4)
  An ugly thing (D:11)
  A manticore (D:11)
  A cyclops (D:11)
  A spiny frog (Lair:1)
  2 rime drakes
  A gargoyle (D:10)
  2 trolls (D:12)
  A polar bear (D:11)
  2 hornets
  4 hippogriffs
  4 yaks
  2 vampires
  A basilisk (D:9)
  2 hungry ghosts
  A soldier ant (D:11)
  5 orc warriors
  An ice beast (D:8)
  A black bear (D:7)
  2 water moccasins (Lair:1)
  3 slaves
  A necrophage (D:6)
  A sky beast (D:8)
  A phantom (D:7)
  2 eyes of draining
  5 ogres
  5 centaurs
  A wolf (D:11)
  A crocodile (D:9)
  3 big kobolds
  6 bullfrogs
  A wyvern zombie (D:11)
  3 scorpions
  4 killer bees
  3 electric eels (D:11)
  A bullfrog zombie (D:10)
  3 howler monkeys
  3 crimson imps
  A quasit (D:9)
  A centaur zombie (D:9)
  A hound (D:11)
  2 bullfrog skeletons
  5 orc priests
  3 jellies (D:9)
  7 orc wizards
  A centaur skeleton (D:5)
  5 iguanas
  11 worker ants
  2 bullfrog simulacra (D:11)
  2 hound zombies
  A hound skeleton (D:9)
  Robin (D:4)
  10 adders
  A shadow imp (D:8)
  A howler monkey simulacrum (D:11)
  2 ufetubi (D:11)
  6 oozes
  An adder skeleton (D:5)
  An adder zombie (D:8)
  8 worms
  2 dart slugs
  4 leopard geckos
  35 orcs
  22 goblins
  2 hobgoblins
  6 jackals
  3 quokkas
  2 ball pythons
  3 bats
  6 frilled lizards
  A giant cockroach zombie (D:5)
  23 kobolds
  A quokka zombie (D:5)
  4 rats
  2 fungi
277 creatures vanquished.

Notes
Turn   | Place    | Note
-------+----------+-------------------------------------------
     0 | D:1      | seren the Formicid Fighter began the quest for the Orb.
     0 | D:1      | Reached XP level 1. HP: 18/18 MP: 1/1
    55 | D:1      | Reached XP level 2. HP: 24/24 MP: 2/2
   464 | D:2      | Reached XP level 3. HP: 25/29 MP: 3/3
   506 | D:2      | Noticed Natasha
   520 | D:2      | Noticed Sigmund
   787 | D:3      | Reached skill level 3 in Axes
   787 | D:3      | Reached XP level 4. HP: 26/37 MP: 4/4
  1033 | D:3      | Reached XP level 5. HP: 39/42 MP: 5/5
  1548 | D:3      | Found a blossoming altar of Fedhas.
  1573 | D:3      | Noticed an oklob plant
  2068 | D:4      | Found a sacrificial altar of Ru.
  2098 | D:4      | Reached XP level 6. HP: 20/48 MP: 6/6
  2691 | D:5      | Entered Level 5 of the Dungeon
  2711 | D:5      | Reached skill level 4 in Axes
  2949 | D:4      | Found a burning altar of Makhleb.
  2949 | D:4      | Found a shimmering altar of Xom.
  3029 | D:4      | Found a shattered altar of Ashenzari.
  3233 | D:4      | Noticed Robin
  3295 | D:4      | Killed Robin
  3353 | D:5      | Noticed Pikel
  3353 | D:5      | Noticed a slave
  3353 | D:5      | Noticed a slave
  3353 | D:5      | Noticed a slave
  3353 | D:5      | Noticed a slave
  3367 | D:4      | Killed a slave
  3442 | D:4      | Reached skill level 5 in Shields
  3680 | D:5      | Reached XP level 7. HP: 48/55 MP: 7/7
  3704 | D:5      | Found a staircase to the Ecumenical Temple.
  3715 | Temple   | Entered the Ecumenical Temple
  3995 | D:7      | Learned a level 2 spell: Passwall
  4035 | D:6      | Reached skill level 5 in Axes
  4361 | D:7      | Found an opulent altar of Gozag.
  4381 | D:7      | Found an iron altar of Okawaru.
  4394 | D:7      | Became a worshipper of Warmaster Okawaru
  4465 | D:7      | Reached skill level 1 in Invocations
  4465 | D:7      | Reached XP level 8. HP: 11/61 MP: 7/9
  4860 | D:7      | Reached skill level 6 in Axes
  5240 | D:7      | Noticed a hippogriff
  5247 | D:7      | Killed a hippogriff
  5247 | D:7      | Reached * piety under Okawaru
  5747 | D:5      | Found an opulent altar of Gozag.
  5912 | D:4      | Killed Pikel
  5912 | D:4      | Reached ** piety under Okawaru
  5912 | D:4      | Reached skill level 7 in Axes
  5912 | D:4      | Reached XP level 9. HP: 51/66 MP: 10/13
  6013 | D:5      | Reached skill level 1 in Evocations
  6285 | D:5      | Found a shadowy altar of Dithmenos.
  6697 | D:6      | Reached skill level 5 in Armour
  7065 | D:7      | Reached *** piety under Okawaru
  7440 | D:8      | Reached skill level 8 in Axes
  7440 | D:8      | Reached XP level 10. HP: 59/73 MP: 14/14
  7636 | D:9      | Found Voucomm's Quality Used Wands.
  7657 | D:10     | Entered Level 10 of the Dungeon
  7674 | D:9      | Found a glowing golden altar of the Shining One.
  7675 | D:9      | Got a steaming leather armour
  7692 | D:9      | Reached skill level 5 in Fighting
  7939 | D:10     | Noticed a gargoyle
  7992 | D:9      | Identified the +1 leather armour of Inaction {rF+ Dex+2} (You found it on level 9 of the Dungeon)
  8093 | D:9      | Found a radiant altar of Vehumet.
  8173 | D:8      | Noticed a two-headed ogre
  8195 | D:8      | Killed a two-headed ogre
  8233 | D:8      | Reached skill level 5 in Evocations
  8439 | D:8      | Reached skill level 9 in Axes
  8443 | D:8      | Reached **** piety under Okawaru
  8579 | D:8      | Found a deep blue altar of Sif Muna.
  8799 | D:8      | Noticed a two-headed ogre
  8816 | D:8      | Killed a two-headed ogre
  8816 | D:8      | Received a gift from Okawaru
  8816 | D:8      | Reached XP level 11. HP: 71/83 MP: 13/15
  9156 | D:9      | Found a transporter.
  9205 | D:9      | Found a viscous altar of Jiyva.
  9250 | D:9      | Got a crude cloak
  9256 | D:9      | Identified the +2 cloak of Iffic {Int+4 Stlth+} (You found it on level 9 of the Dungeon)
  9335 | D:9      | Found a snail-covered altar of Cheibriados.
  9384 | D:9      | Found a staircase to the Lair.
  9424 | Lair:1   | Entered Level 1 of the Lair of Beasts
 10175 | D:10     | Reached ***** piety under Okawaru
 10295 | D:10     | Learned a level 1 spell: Apportation
 10562 | D:11     | Noticed a cyclops
 10573 | D:11     | Killed a cyclops
 11529 | D:11     | Noticed a two-headed ogre
 11547 | D:11     | Killed a two-headed ogre
 11547 | D:11     | Reached skill level 10 in Axes
 12041 | D:11     | Noticed a manticore
 12054 | D:11     | Killed a manticore
 12136 | D:11     | Reached XP level 12. HP: 76/92 MP: 17/17
 12197 | D:11     | Noticed a two-headed ogre
 12213 | D:11     | Killed a two-headed ogre
 12855 | D:12     | Noticed Nessos
 13511 | Lair:2   | Noticed Erica
 13514 | Lair:2   | Noticed a five-headed hydra
 13526 | Lair:1   | Killed Erica
 13535 | Lair:1   | HP: 3/94 [spiny frog (4)]
 13537 | Lair:1   | Mangled by a seven-headed hydra

Vault maps used:
D:1:      scummos_arrival_hexagon
D:2:      old_standard_altar, first_bread, serial_bayou_crossing, uniq_natasha,
          uniq_sigmund
D:3:      tgw_fedhas, kennysheep_generic_room_13
D:4:      kennysheep_mini, old_standard_altar,
          grunt_temple_overflow_champion_of_chaos, uniq_robin
D:5:      lemuel_coloured_pillars_altar,
          nicolae_dithmenos_through_a_glass_darkly, minmay_temple_entry_glass,
          uniq_pikel
D:6:      cheibrodos_barr_body, kennysheep_cross_bottleneck
D:7:      lemuel_crystal_altar, basic_altar
D:8:      led_sif_pool, hangedman_abyss_or_decor_lesser_grid
D:9:      gammafunk_the_bubble, vehumet_statue, cheibrodos_worm_habitat,
          lemuel_doored_altar, david_lair_generic,
          hangedman_little_slice_of_home, nicolae_for_you_no_charge
D:11:     serial_ice, serial_ice_g, serial_ice_b, serial_ice_j, serial_ice_o,
          portal_ice_cave_rime
D:12:     david_orc_3, minmay_statues_item, uniq_nessos
Temple:   compressed_dpeg_triangle_lava_temple
Lair:1:   serial_bayou_ford_a, serial_bayou_shore_a, infiniplex_staircase_pool
Lair:2:   st_stairs_3, minmay_lair_oklob_chamber, uniq_erica

Skill      XL: |  1  2  3  4  5  6  7  8  9 10 11 12 |
---------------+-------------------------------------+-----
Shields        | 4 5 7 8 9 |  9.0
Axes           | 3 4 5 7 8 9 10 | 10.5
Armour         | 4 5 7 8 9 |  9.4
Fighting       | 4 6 8 |  8.8
Invocations    | 1 6 7 8 |  8.0
Evocations     | 3 5 7 8 |  8.0

Action                   |  1- 3 |  4- 6 |  7- 9 | 10-12 || total
-------------------------+-------+-------+-------+-------++-------
Melee: War axe           |    90 |   280 |   311 |   668 ||  1349
       Scimitar          |       |       |       |     2 ||     2
Invok: Heroism           |       |       |     1 |    19 ||    20
       Finesse           |       |       |       |     1 ||     1
 Abil: Dig               |       |     5 |     3 |     9 ||    17
       Shaft Self        |       |       |       |     1 ||     1
Evoke: Wand              |       |       |       |     7 ||     7
  Use: Scroll            |       |     2 |     3 |     5 ||    10
       Potion            |       |       |     2 |     2 ||     4
 Stab: Invisible         |       |     1 |       |       ||     1
       Confused          |       |       |       |     7 ||     7
  Eat: Chunk             |       |    11 |    10 |    19 ||    40
       Royal jelly       |       |       |     1 |       ||     1
       Bread ration      |       |       |       |     1 ||     1
       Fruit             |       |       |       |     3 ||     3
Armor: Scale mail        |    33 |    67 |    43 |       ||   143
       Plate armour      |       |       |    41 |   303 ||   344
Dodge: Dodged            |    38 |    60 |    91 |   155 ||   344
Block: Shield            |    48 |   140 |   184 |   419 ||   791
